[ AOE2 MATCH · #506309301 ]
UnrankedMalians vs Romans
Player's team · WIN
Rival team · LOSS
[ REPLAY ANALYSIS · EXTRACTED FROM THE RECORDED GAME ]
Feudal
9:58
Castle
26:59
Imperial
50:57
| APM avg | 57.9 |
| APM peak | 127 |
| eAPM avg | 28.6 |
| Villagers / military | 214 / 481 |
Focus
⚔️ 40.0% · 🌾 60.0%
Scout Cavalry ×213 · Gbeto ×124 · Archer ×48 · Skirmisher ×39 · Knight ×26 · Camel Scout ×17
Feudal
14:08
Castle
27:50
Imperial
48:12
| APM avg | 76.7 |
| APM peak | 121 |
| eAPM avg | 41.5 |
| Villagers / military | 356 / 432 |
Focus
⚔️ 52.0% · 🌾 48.0%
Scout Cavalry ×135 · Spearman ×92 · Scorpion ×81 · Archer ×71 · Knight ×23 · Skirmisher ×7
Match map
Initial resources + every placement click. Lines = walls · curves = elevation contours. ◆ gold · ⬟ stone · ● berries · ✦ relic · ◌ wall gap
Your base· Open — unwalled flank
Survivalist's base· Open — 4t gap
Smoothed initial terrain · ◌ = detected wall gap · hover for details
Inputs per minute
— Thành Cổ Quảng Trị - - Survivalist
Build order — Thành Cổ Quảng Trị
First 150 of 880 actions detected
| 0:00 | Create | Villager (Male) |
| 0:00 | Create | Villager (Male) |
| 0:01 | Build | House |
| 0:02 | Build | House |
| 0:07 | Create | Villager (Male) |
| 0:07 | Create | Villager (Male) |
| 0:07 | Create | Villager (Male) |
| 1:22 | Create | Villager (Male) |
| 1:22 | Create | Villager (Male) |
| 1:52 | Create | Villager (Male) |
| 1:56 | Build | Barracks |
| 2:18 | Create | Villager (Male) |
| 2:47 | Create | Villager (Male) |
| 2:55 | Create | Militia |
| 2:55 | Create | Militia |
| 2:58 | Build | House |
| 3:09 | Create | Villager (Male) |
| 3:27 | Create | Militia |
| 3:40 | Create | Villager (Male) |
| 4:03 | Create | Villager (Male) |
| 4:12 | Build | House |
| 4:26 | Create | Villager (Male) |
| 4:26 | Create | Villager (Male) |
| 4:54 | Create | Villager (Male) |
| 4:54 | Create | Villager (Male) |
| 4:54 | Create | Villager (Male) |
| 5:41 | Build | Lumber Camp |
| 6:09 | Create | Villager (Male) |
| 6:14 | Build | Palisade Wall |
| 6:17 | Build | Palisade Wall |
| 6:19 | Build | Palisade Wall |
| 6:19 | Build | Palisade Wall |
| 6:26 | Create | Villager (Male) |
| 6:48 | Research | Loom |
| 6:51 | Build | House |
| 7:22 | Create | Villager (Male) |
| 7:48 | Research | Feudal Age |
| 8:59 | Build | Mining Camp |
| 9:53 | Create | Villager (Male) |
| 9:58 | Age | Feudal Age |
| 10:02 | Build | Archery Range |
| 10:07 | Create | Villager (Male) |
| 10:16 | Build | Palisade Wall |
| 10:19 | Build | Palisade Wall |
| 10:21 | Build | Palisade Wall |
| 10:22 | Build | Palisade Wall |
| 10:31 | Create | Villager (Male) |
| 10:50 | Create | Archer |
| 10:51 | Build | Blacksmith |
| 10:58 | Create | Villager (Male) |
| 11:01 | Build | House |
| 11:35 | Create | Villager (Male) |
| 11:36 | Create | Archer |
| 11:43 | Build | Mill |
| 11:57 | Create | Archer |
| 11:58 | Build | House |
| 12:23 | Build | Farm |
| 12:24 | Build | Farm |
| 12:25 | Build | Farm |
| 12:42 | Create | Archer |
| 12:43 | Build | Farm |
| 13:23 | Create | Archer |
| 13:26 | Build | Farm |
| 13:27 | Build | Farm |
| 13:36 | Create | Archer |
| 14:06 | Research | Fletching |
| 14:07 | Research | Fletching |
| 14:07 | Create | Archer |
| 14:11 | Build | House |
| 14:22 | Build | Archery Range |
| 14:26 | Create | Archer |
| 14:44 | Create | Villager (Male) |
| 14:54 | Create | Villager (Male) |
| 15:08 | Create | Archer |
| 15:20 | Create | Archer |
| 15:28 | Create | Villager (Male) |
| 15:36 | Build | House |
| 15:43 | Create | Villager (Male) |
| 15:43 | Create | Villager (Male) |
| 15:44 | Build | Farm |
| 15:45 | Build | Farm |
| 15:59 | Create | Archer |
| 16:10 | Create | Villager (Male) |
| 16:10 | Create | Villager (Male) |
| 16:11 | Build | Farm |
| 16:15 | Build | Watch Tower |
| 16:22 | Create | Archer |
| 16:22 | Create | Archer |
| 16:36 | Create | Villager (Male) |
| 16:59 | Create | Archer |
| 16:59 | Create | Villager (Male) |
| 17:11 | Create | Archer |
| 17:19 | Create | Villager (Male) |
| 17:41 | Create | Villager (Male) |
| 17:48 | Build | Stable |
| 17:57 | Research | Double-Bit Axe |
| 17:58 | Build | House |
| 17:59 | Build | House |
| 18:10 | Create | Archer |
| 18:10 | Create | Archer |
| 18:20 | Create | Villager (Male) |
| 18:20 | Create | Villager (Male) |
| 18:22 | Build | Mill |
| 18:36 | Create | Archer |
| 18:42 | Create | Villager (Male) |
| 18:50 | Build | House |
| 18:53 | Create | Villager (Male) |
| 18:54 | Build | Farm |
| 18:54 | Build | Farm |
| 19:15 | Create | Scout Cavalry |
| 19:15 | Create | Scout Cavalry |
| 19:17 | Create | Villager (Male) |
| 19:27 | Create | Archer |
| 19:50 | Create | Archer |
| 19:50 | Create | Archer |
| 19:53 | Create | Villager (Male) |
| 19:58 | Build | House |
| 20:00 | Create | Scout Cavalry |
| 20:07 | Create | Villager (Male) |
| 20:10 | Build | Farm |
| 20:12 | Build | House |
| 20:15 | Create | Archer |
| 20:15 | Create | Archer |
| 20:29 | Build | House |
| 20:35 | Create | Scout Cavalry |
| 20:41 | Create | Villager (Male) |
| 20:41 | Create | Villager (Male) |
| 20:42 | Build | Farm |
| 20:43 | Build | Farm |
| 20:46 | Build | Farm |
| 20:55 | Create | Villager (Male) |
| 21:00 | Create | Archer |
| 21:01 | Create | Archer |
| 21:01 | Create | Archer |
| 21:32 | Create | Villager (Male) |
| 21:33 | Create | Archer |
| 21:35 | Build | Farm |
| 21:41 | Create | Villager (Male) |
| 21:45 | Build | House |
| 21:45 | Build | House |
| 22:14 | Create | Villager (Male) |
| 22:18 | Build | House |
| 22:18 | Build | Palisade Wall |
| 22:24 | Build | Outpost |
| 22:25 | Research | Town Watch |
| 23:01 | Create | Villager (Male) |
| 23:02 | Build | Market |
| 23:03 | Create | Archer |
| 23:04 | Create | Archer |
| 23:09 | Create | Archer |
Build order — Survivalist
First 150 of 1135 actions detected
| 0:00 | Create | Villager (Male) |
| 0:01 | Build | House |
| 0:02 | Build | House |
| 0:05 | Create | Villager (Male) |
| 0:05 | Create | Villager (Male) |
| 0:09 | Create | Villager (Male) |
| 0:09 | Create | Villager (Male) |
| 1:24 | Create | Villager (Male) |
| 2:00 | Create | Villager (Male) |
| 2:25 | Create | Villager (Male) |
| 2:45 | Build | Barracks |
| 2:49 | Create | Villager (Male) |
| 3:07 | Create | Villager (Male) |
| 3:42 | Create | Villager (Male) |
| 3:43 | Build | House |
| 3:52 | Create | Militia |
| 4:01 | Create | Villager (Male) |
| 4:23 | Create | Militia |
| 4:25 | Create | Villager (Male) |
| 4:53 | Create | Militia |
| 4:54 | Create | Villager (Male) |
| 5:10 | Build | House |
| 5:22 | Build | Palisade Wall |
| 5:23 | Build | Palisade Wall |
| 5:23 | Build | Palisade Wall |
| 5:23 | Build | Palisade Wall |
| 5:24 | Build | Palisade Wall |
| 5:24 | Build | Palisade Wall |
| 5:25 | Build | Palisade Wall |
| 5:25 | Build | Palisade Wall |
| 5:25 | Build | Palisade Wall |
| 5:26 | Build | Palisade Wall |
| 5:26 | Build | Palisade Wall |
| 5:26 | Build | Palisade Wall |
| 5:26 | Build | Palisade Wall |
| 5:28 | Create | Villager (Male) |
| 5:38 | Create | Militia |
| 5:42 | Create | Militia |
| 5:48 | Build | Palisade Wall |
| 6:03 | Create | Villager (Male) |
| 6:19 | Create | Villager (Male) |
| 6:44 | Create | Villager (Male) |
| 6:51 | Create | Villager (Male) |
| 7:01 | Build | House |
| 7:17 | Create | Villager (Male) |
| 7:29 | Build | House |
| 7:33 | Create | Villager (Male) |
| 7:48 | Create | Villager (Male) |
| 7:56 | Create | Villager (Male) |
| 8:01 | Create | Villager (Male) |
| 8:04 | Create | Villager (Male) |
| 8:16 | Build | Lumber Camp |
| 8:36 | Build | House |
| 8:38 | Create | Villager (Male) |
| 8:40 | Build | Mill |
| 9:02 | Build | House |
| 9:06 | Build | Palisade Wall |
| 9:06 | Build | Palisade Wall |
| 9:08 | Build | Palisade Wall |
| 9:09 | Build | Palisade Wall |
| 9:13 | Create | Villager (Male) |
| 9:27 | Build | Palisade Wall |
| 9:27 | Build | Palisade Wall |
| 9:28 | Build | Palisade Wall |
| 9:28 | Build | Palisade Wall |
| 9:28 | Build | Palisade Wall |
| 9:29 | Build | Palisade Wall |
| 9:29 | Build | Palisade Wall |
| 9:30 | Build | Palisade Wall |
| 9:30 | Build | Palisade Wall |
| 9:31 | Build | Palisade Wall |
| 9:31 | Build | Palisade Wall |
| 9:31 | Build | Palisade Wall |
| 9:31 | Build | Palisade Wall |
| 9:32 | Build | Palisade Wall |
| 9:32 | Build | Palisade Wall |
| 9:32 | Build | Palisade Wall |
| 9:33 | Build | Palisade Wall |
| 9:44 | Create | Villager (Male) |
| 9:54 | Research | Loom |
| 9:59 | Build | Farm |
| 10:00 | Build | Farm |
| 10:30 | Build | Farm |
| 10:43 | Build | Palisade Wall |
| 10:51 | Create | Villager (Male) |
| 11:02 | Build | Farm |
| 11:14 | Create | Villager (Male) |
| 11:50 | Build | Palisade Wall |
| 11:52 | Build | Palisade Wall |
| 11:53 | Build | Palisade Wall |
| 11:59 | Research | Feudal Age |
| 12:27 | Build | House |
| 12:30 | Build | House |
| 12:47 | Create | Villager (Male) |
| 13:00 | Build | Palisade Wall |
| 13:00 | Build | Palisade Wall |
| 13:03 | Create | Villager (Male) |
| 13:08 | Build | Palisade Wall |
| 13:29 | Build | Palisade Wall |
| 13:33 | Create | Villager (Male) |
| 13:51 | Build | Palisade Gate |
| 14:00 | Create | Villager (Male) |
| 14:08 | Age | Feudal Age |
| 14:14 | Build | Archery Range |
| 14:20 | Build | Farm |
| 14:21 | Build | Farm |
| 14:31 | Build | House |
| 14:51 | Create | Villager (Male) |
| 14:54 | Build | House |
| 15:04 | Create | Villager (Male) |
| 15:06 | Build | House |
| 15:07 | Create | Skirmisher |
| 15:23 | Create | Skirmisher |
| 15:35 | Create | Villager (Male) |
| 15:49 | Build | Blacksmith |
| 15:54 | Create | Villager (Male) |
| 15:57 | Create | Skirmisher |
| 16:07 | Create | Villager (Male) |
| 16:17 | Build | Watch Tower |
| 16:25 | Research | Fletching |
| 16:28 | Research | Padded Archer Armor |
| 16:33 | Create | Skirmisher |
| 16:37 | Create | Villager (Male) |
| 16:49 | Create | Skirmisher |
| 16:55 | Create | Skirmisher |
| 17:09 | Build | Mining Camp |
| 17:21 | Create | Villager (Male) |
| 17:29 | Create | Skirmisher |
| 17:53 | Create | Villager (Male) |
| 18:05 | Build | Farm |
| 18:07 | Build | Farm |
| 18:16 | Create | Villager (Male) |
| 18:23 | Create | Archer |
| 18:40 | Create | Archer |
| 18:40 | Create | Villager (Male) |
| 18:44 | Build | Farm |
| 18:58 | Build | House |
| 19:03 | Build | Palisade Wall |
| 19:14 | Create | Villager (Male) |
| 19:15 | Create | Archer |
| 19:25 | Create | Archer |
| 19:27 | Create | Archer |
| 19:46 | Create | Archer |
| 19:51 | Build | Palisade Gate |
| 19:53 | Create | Archer |
| 19:56 | Create | Archer |
| 20:08 | Create | Villager (Male) |
| 20:08 | Create | Villager (Male) |
| 20:09 | Create | Villager (Male) |
| 20:12 | Build | Archery Range |
Match timeline
| 1:56 | Thành Cổ Quảng Trị · first_building Barracks |
| 2:45 | Survivalist · first_building Barracks |
| 5:22 | Survivalist · wall_segment Palisade Wall x1 |
| 5:23 | Survivalist · wall_segment Palisade Wall x1 |
| 5:23 | Survivalist · wall_segment Palisade Wall x1 |
| 5:23 | Survivalist · wall_segment Palisade Wall x2 |
| 5:24 | Survivalist · wall_segment Palisade Wall x4 |
| 5:24 | Survivalist · wall_segment Palisade Wall x1 |
| 5:25 | Survivalist · wall_segment Palisade Wall x1 |
| 5:25 | Survivalist · wall_segment Palisade Wall x2 |
| 5:25 | Survivalist · wall_segment Palisade Wall x2 |
| 5:26 | Survivalist · wall_segment Palisade Wall x1 |
| 5:26 | Survivalist · wall_segment Palisade Wall x2 |
| 5:26 | Survivalist · wall_segment Palisade Wall x1 |
| 5:26 | Survivalist · wall_segment Palisade Wall x1 |
| 5:48 | Survivalist · wall_segment Palisade Wall x1 |
| 6:14 | Thành Cổ Quảng Trị · wall_segment Palisade Wall x1 |
| 6:17 | Thành Cổ Quảng Trị · wall_segment Palisade Wall x1 |
| 6:19 | Thành Cổ Quảng Trị · wall_segment Palisade Wall x1 |
| 6:19 | Thành Cổ Quảng Trị · wall_segment Palisade Wall x1 |
| 9:06 | Survivalist · wall_segment Palisade Wall x1 |
| 9:06 | Survivalist · wall_segment Palisade Wall x1 |
| 9:08 | Survivalist · wall_segment Palisade Wall x1 |
| 9:09 | Survivalist · wall_segment Palisade Wall x1 |
| 9:27 | Survivalist · wall_segment Palisade Wall x1 |
| 9:27 | Survivalist · wall_segment Palisade Wall x1 |
| 9:28 | Survivalist · wall_segment Palisade Wall x1 |
| 9:28 | Survivalist · wall_segment Palisade Wall x2 |
| 9:28 | Survivalist · wall_segment Palisade Wall x1 |
| 9:29 | Survivalist · wall_segment Palisade Wall x1 |
| 9:29 | Survivalist · wall_segment Palisade Wall x1 |
| 9:30 | Survivalist · wall_segment Palisade Wall x1 |
| 9:30 | Survivalist · wall_segment Palisade Wall x1 |
| 9:31 | Survivalist · wall_segment Palisade Wall x2 |
| 9:31 | Survivalist · wall_segment Palisade Wall x1 |
| 9:31 | Survivalist · wall_segment Palisade Wall x1 |
| 9:31 | Survivalist · wall_segment Palisade Wall x2 |
| 9:32 | Survivalist · wall_segment Palisade Wall x1 |
| 9:32 | Survivalist · wall_segment Palisade Wall x1 |
| 9:32 | Survivalist · wall_segment Palisade Wall x1 |
| 9:33 | Survivalist · wall_segment Palisade Wall x1 |
| 9:58 | Thành Cổ Quảng Trị · age_up feudal |
| 10:02 | Thành Cổ Quảng Trị · first_building Archery Range |
| 10:16 | Thành Cổ Quảng Trị · wall_segment Palisade Wall x1 |
| 10:19 | Thành Cổ Quảng Trị · wall_segment Palisade Wall x1 |
| 10:21 | Thành Cổ Quảng Trị · wall_segment Palisade Wall x1 |
| 10:22 | Thành Cổ Quảng Trị · wall_segment Palisade Wall x1 |
| 10:43 | Survivalist · wall_segment Palisade Wall x1 |
| 11:50 | Survivalist · wall_segment Palisade Wall x1 |
| 11:52 | Survivalist · wall_segment Palisade Wall x1 |
| 11:53 | Survivalist · wall_segment Palisade Wall x1 |
| 13:00 | Survivalist · wall_segment Palisade Wall x1 |
| 13:00 | Survivalist · wall_segment Palisade Wall x1 |
| 13:08 | Survivalist · wall_segment Palisade Wall x1 |
| 13:29 | Survivalist · wall_segment Palisade Wall x7 |
| 14:08 | Survivalist · age_up feudal |
| 14:14 | Survivalist · first_building Archery Range |
| 17:48 | Thành Cổ Quảng Trị · first_building Stable |
| 19:03 | Survivalist · wall_segment Palisade Wall x7 |
| 22:18 | Thành Cổ Quảng Trị · wall_segment Palisade Wall x7 |
| 24:10 | Thành Cổ Quảng Trị · first_market_buy 100 food |
| 24:27 | Survivalist · wall_segment Palisade Wall x1 |
| 24:27 | Survivalist · wall_segment Palisade Wall x1 |
| 24:27 | Survivalist · wall_segment Palisade Wall x1 |
| 25:07 | Survivalist · first_market_buy 100 food |
| 26:44 | Thành Cổ Quảng Trị · wall_segment Palisade Wall x1 |
| 26:59 | Thành Cổ Quảng Trị · age_up castle |
| 27:50 | Survivalist · age_up castle |
| 30:32 | Survivalist · first_market_sell 100 wood |
| 31:30 | Survivalist · first_building Siege Workshop |
| 33:44 | Thành Cổ Quảng Trị · first_market_sell 100 wood |
| 34:03 | Survivalist · first_building Monastery |
| 34:51 | Thành Cổ Quảng Trị · first_building Siege Workshop |
| 38:04 | Survivalist · first_building Stable |
| 41:30 | Thành Cổ Quảng Trị · first_building Monastery |
| 43:35 | Thành Cổ Quảng Trị · wall_segment Palisade Wall x1 |
| 43:46 | Thành Cổ Quảng Trị · first_building Castle |
| 47:36 | Survivalist · first_building Castle |
| 48:12 | Survivalist · age_up imperial |
| 48:16 | Survivalist · wall_segment Palisade Wall x1 |
| 50:57 | Thành Cổ Quảng Trị · age_up imperial |
| 70:39 | Survivalist · resign |
[ AI ANALYSIS · 1 CREDIT ]
What really happened in this match?
Wolo.gg analyzes every decision: build order, eco, micro, common mistakes by bracket. Personalized analysis on WhatsApp or Discord in 30 seconds.
Civ guide
Malians
Perfil
Jugador #2660491